 Dungeon Crawl Stone Soup version 0.31-a0-931-g7b59d4eb97 (webtiles) character file.

Game seed: 6463060510866073009

63 BigDaddyOpFi the Trooper (level 3, -4/64 HPs)
             Began as a Demonspawn Fighter on Oct 19, 2023.
             Slain by Grinder (6 damage)
             ... on level 3 of the Dungeon.
             The game lasted 00:01:28 (1872 turns).

BigDaddyOpFi the Trooper (Demonspawn Fighter)       Turns: 1872, Time: 00:01:28

Health: -4/64      AC: 21    Str: 18    XL:     3   Next: 87%
Magic:  3/3        EV:  2    Int:  9    God:
Gold:   112        SH:  4    Dex: 12    Spells: 2/2 levels left

rFire   . . .        a - +0 war axe
rCold   . . .        c - +0 buckler
rNeg    . . .        b - melded +0 scale mail
rPois   +            (helmet currently unavailable)
rElec   .            (cloak currently unavailable)
rCorr   .            (gloves currently unavailable)
SInv    .            (boots currently unavailable)
Will    +....        (no amulet) Stlth
                     (no ring)
HPRegen 0.30/turn    (no ring)
MPRegen 0.08/turn

%: no passive effects
@: mighty, berserking (expiring), tree-form, enlightened, very quick
A: stationary, stasis, torment immunity, boosted hp, (horns 1), (large bone
plates 1)
a: no special abilities


You were on level 3 of the Dungeon.
You were a tree.
You visited 1 branch of the dungeon, and saw 3 of its levels.

You collected 112 gold pieces.

Inventory:

Hand Weapons
 a - a +0 war axe (weapon)
Missiles
 k - a throwing net
Armour
 b - a +0 scale mail (melded)
 c - a +0 buckler (worn)
 g - a +0 helmet
Jewellery
 m - an amulet of reflection
 q - a ring of willpower
Wands
 t - a wand of iceblast (7)
Scrolls
 e - a scroll of enchant weapon {unknown}
 f - a scroll of fog {unknown}
 h - 2 scrolls of enchant armour {unknown}
 j - a scroll of amnesia {unknown}
 l - a scroll of teleportation {unknown}
 o - a scroll of vulnerability {unknown}
 p - 2 scrolls of identify {unknown}
Potions
 d - a potion of might
 r - a potion of lignification
 s - a potion of curing {unknown}


   Skills:
 + Level 3.5 Fighting
 + Level 2.4 Axes
 + Level 3.2 Armour
 + Level 3.2 Shields


You had 2 spell levels left.
You didn't know any spells.
Your spell library contained the following spells:

 Spells                   Type           Power      Damage    Failure   Level
 Apportation              Tloc           0%         N/A       45%         1
 Necrotise                Necr           0%         1d4       45%         1
 Summon Small Mammal      Summ           0%         N/A       45%         1
 Call Canine Familiar     Summ           0%         N/A       83%         3
 Sigil of Binding         Hex            0%         N/A       83%         3
 Dimensional Bullseye     Hex/Tloc       0%         N/A       99%         4
 Leda's Liquefaction      Hex/Erth       0%         N/A       99%         4


Dungeon Overview and Level Annotations

Branches:
Dungeon (3/15)

Altars:
Gozag

Annotations:
D:3 Grinder


Innate Abilities, Weirdness & Mutations

You are a tree.
Your roots penetrate the ground, keeping you stationary.
You cannot be teleported.
You are immune to unholy pain and torment.
Your maximum health is greatly increased.
Your equipment is partially melded.
((You have a pair of small horns on your head.))
((You are partially covered in large bone plates. (SH +4)))


Message History

You suddenly lose the ability to move!
Grinder blinks!
You can move again.
Unknown command.
Grinder gestures at you. Pain shoots through your body!
* * * LOW HITPOINT WARNING * * *
It was a potion of enlightenment.
You feel very buoyant.
You fly up into the air.
You block Grinder's attack.
It was a potion of lignification.
You turn into a tree.
Your +0 scale mail melds into your body.
Your roots penetrate the ground.
Grinder hits you but does no damage.
You barely miss Grinder.
Grinder is almost dead.
Grinder gestures at you.
You easily resist.
Grinder gestures at you.
You suddenly lose the ability to move!
Grinder blinks! x2
You can move again.
Unknown command.
It was a potion of berserk rage.
A red film seems to cover your vision as you go berserk!
You feel yourself moving faster!
You feel mighty! Grinder gestures at you.
You shrug off the repeated paralysis!
You are too berserk!
You are too berserk!
You cannot move.
Grinder is nearby!
Grinder is nearby!
You feel a strong urge to attack something.
Grinder blinks!
You feel your anger nearly subside. Grinder hits you.
* * * LOW HITPOINT WARNING * * *
You writhe in agony.
You die...
Grinder says, "Now the real fun starts!"

.## ##+## ..# ##...##
#.# ##.....## ####.#
##.......## ##.##.#
#.......§.####...#.####
+.........'...........)
#.........####...#.####
#....♣..## ##.##.#
##...5.## ####.#
##...## #.# ##+## #.#
#.# #.# #.#


You could see Grinder.

Vanquished Creatures
  Ijyb (D:3)
  A dart slug (D:1)
  2 bats
  4 endoplasms
  5 goblins
  3 hobgoblins
  3 jackals (D:1)
  4 kobolds
  3 ball pythons
  2 frilled lizards (D:2)
  4 rats
32 creatures vanquished.

Notes
Turn   | Place    | Note
-------+----------+-------------------------------------------
     0 | D:1      | BigDaddyOpFi the Demonspawn Fighter began the quest for the
                  | Orb.
     0 | D:1      | Reached XP level 1. HP: 18/18 MP: 1/1
   148 | D:1      | Gained mutation: You have a pair of small horns on your
                  | head. [demonic ancestry]
   148 | D:1      | Reached XP level 2. HP: 24/24 MP: 2/2
   945 | D:2      | Gained mutation: You are partially covered in large bone
                  | plates. (SH +4) [demonic ancestry]
   945 | D:2      | Reached XP level 3. HP: 26/29 MP: 3/3
   983 | D:2      | Found an opulent altar of Gozag.
  1010 | D:2      | Found a faded altar of an unknown god.
  1764 | D:3      | Noticed Ijyb
  1774 | D:3      | Killed Ijyb
  1837 | D:3      | Noticed Grinder
  1850 | D:3      | Paralysed by Grinder for 3 turns
  1856 | D:3      | Paralysed by Grinder for 3 turns
  1861 | D:3      | HP: 1/29 [Grinder/nerve-wracking pain (8)]
  1864 | D:3      | Paralysed by Grinder for 5 turns
  1872 | D:3      | HP: 2/64 [Grinder (4)]
  1872 | D:3      | Slain by Grinder

Illustrated notes

Levels and vault maps discovered:
D:1:      lightli_iron_boxes, layout_basic
D:2:      kennysheep_six_static_rooms, layout_loops_ring, basic_altar,
          shapermc_ecumenical_altar_mp_urbaneastern, kennysheep_crisscross,
          kennysheep_generic_room_12
D:3:      layout_loops_corners, serial_shops, shop, uniq_ijyb, uniq_grinder

Skill      XL: |  1  2 |
---------------+-------+-----
Axes           | 2 |  2.4
Shields        | 3 |  3.2
Armour         | 3 |  3.2
Fighting       | |  3.5

Action                     || total
---------------------------++-------
  Melee: War axe           ||   103
         Headbutt          ||    14
    Use: Potion            ||     4
 Armour: Scale mail        ||    69
         Skin              ||     2
  Dodge: Dodged            ||    46
  Block: Buckler           ||    26

Table legend: (Time is in decaauts)
 A = Elapsed time spent in this place.
 B = Non-inter-level travel time spent in this place.
 C = Inter-level travel time spent in this place.
 D = Time resting spent in this place.
 E = Time spent auto-exploring this place.
 F = Levels seen in this place.
 G = Mean time per level.
                   A        B        C        D        E       F      G
               +--------+--------+--------+--------+--------+-----+--------+
         Total |   1914 |   1857 |     57 |      0 |   1553 |   3 |  638.0 |
       Dungeon |   1914 |   1857 |     57 |      0 |   1553 |   3 |  638.0 |
               +--------+--------+--------+--------+--------+-----+--------+

Top non-repeatable levels by time:
     D:2: 927 daAuts
     D:1: 841 daAuts
     D:3: 146 daAuts
